 Dungeon Crawl Stone Soup version 0.19.1 (webtiles) character file.

2367 sveltemanboy the Summoner (level 9, -6/68 HPs)
             Began as a Pale Draconian Summoner on Dec 27, 2016.
             Was a Believer of Ashenzari.
             Mangled by a white ugly thing (32 damage)
             ... on level 6 of the Dungeon.
             The game lasted 00:21:05 (8014 turns).

sveltemanboy the Summoner (Pale Draconian Summoner) Turns: 8014, Time: 00:21:06

Health: -6/68      AC:  9    Str: 11    XL:     9   Next: 21%
Magic:  3/10       EV: 12    Int: 18    God:    Ashenzari [**....]
Gold:   287        SH:  0    Dex: 12    Spells: 3 memorised, 6 levels left

rFire  + . .     SeeInvis .     q - +1 halberd (curse)
rCold  . . .     Gourm    .     (armour unavailable)
rNeg   . . .     Faith    .     (shield currently unavailable)
rPois  .         Spirit   .     (helmet restricted)
rElec  .         Reflect  .     (no cloak)
rCorr  .         Harm     .     v - +1 pair of gloves (curse)
MR     +....                    (no boots)
Stlth  ++........               (no amulet)
                                (no ring)
                                l - ring of protection from magic (curse)

@: no status effects
A: breathe steam, unfitting armour, fire resistance 1, low mp 1, robust 1,
cold-blooded, AC +7
a: Breathe Steam, Curse Item, Scrying, Renounce Religion


You were on level 6 of the Dungeon.
You worshipped Ashenzari.
Ashenzari was pleased with you.
You were not hungry.

You visited 1 branch of the dungeon, and saw 6 of its levels.

You collected 287 gold pieces.

Inventory:

Hand Weapons
 q - a cursed +1 halberd (weapon)
Armour
 v - a cursed +1 pair of gloves (worn)
Jewellery
 l - a cursed ring of protection from magic (left hand)
Wands
 r - a wand of slowing (16/48)
Scrolls
 e - 2 scrolls of teleportation
 i - 3 scrolls of enchant weapon
 k - a scroll of remove curse
 m - 3 scrolls of identify
 o - a scroll of fear
Potions
 d - a potion of brilliance {unknown}
 f - a potion of resistance
 g - 2 potions of berserk rage {unknown}
 j - 3 potions of curing {unknown}
 n - a potion of heal wounds
 p - 3 potions of lignification {unknown}
Books
 a - a book of Callings

   Spells                             Type                      Level
   a - Summon Small Mammal            Summoning                    1
   b - Call Imp                       Summoning                    2
   c - Call Canine Familiar           Summoning                    3
   d - Summon Guardian Golem          Hexes/Summoning              3
   e - Summon Lightning Spire         Summoning/Air                4
   f - Summon Ice Beast               Ice/Summoning                4
Comestibles
 b - 6 bread rations
 c - 2 meat rations
 h - 19 chunks of flesh


   Skills:
 + Level 8.1(11.1) Polearms
 - Level 1.7 Dodging
 - Level 1.7 Stealth
 - Level 2.0 Spellcasting
 + Level 10.1 Summonings


You had 6 spell levels left.
You knew the following spells:

 Your Spells              Type           Power        Failure   Level  Hunger
a - Summon Small Mammal   Summ           ####         1%          1    #......
b - Call Imp              Summ           #####...     1%          2    ###....
c - Call Canine Familiar  Summ           #####...     1%          3    ###....


Dungeon Overview and Level Annotations

Branches:
Dungeon (6/15)             Temple (0/1) D:6

Altars:
Ashenzari
Dithmenos
Makhleb
Okawaru
Trog
Vehumet
The Shining One


Innate Abilities, Weirdness & Mutations

You can breathe blasts of scalding, opaque steam.
Your pale cyan-grey scales are hard. (AC +7)
You cannot fit into any form of body armour.
You are cold-blooded and may be slowed by cold attacks.
Your flesh is heat resistant. (rF+)
Your magical capacity is low. (-10% MP)
You are robust. (+10% HP)


Message History

Your crimson imp blinks!
Your white imp gestures at the white ugly thing.
The puff of frost hits the white ugly thing.
The white ugly thing resists.
Evoke which item? (* to show all) (? for menu, Esc to quit)
Zapping:
r - a wand of slowing {recharged} (will waste charges)
Press: ? - help, Shift-Dir - straight line, f/p - white ugly thing
Aim: a white ugly thing (heavily wounded, chance to defeat MR: 34%)
The white ugly thing easily resists.
Evoking this partially-identified wand wasted a few charges.
The white ugly thing closely misses you.
Your white imp closely misses the white ugly thing.
Evoke which item? (* to show all) (? for menu, Esc to quit)
Zapping:
r - a wand of slowing {zapped: 2} (will waste charges)
Press: ? - help, Shift-Dir - straight line, f/p - white ugly thing
Aim: a white ugly thing (black smoke, heavily wounded, chance to defeat MR: 34%)
The white ugly thing seems to slow down.
Evoking this partially-identified wand wasted a few charges.
The white ugly thing gores you. The white ugly thing freezes you!!
You die...

#.....#.. ....+ , + ....#5##....
### ,, .......# .... *
*#.....#,, , .... #######
#.....# , .... #.....# ##.§§##
,, , .... #.....# ##..§§§##
,.... #.....####§.§§5u§#* . ####
#.....#.#.§§.§§@§§#..
#.....+...§§§§§.§....#
#.....#..§...§§.....##
#.....#...§.§§§§§......
#.......#§§§..§§§.##.....+
#.......##§§..§§§##'.....#
#.......###§§..§####.....#######
#.......####...####.............
#...............................


You could see a white ugly thing and a friendly white imp.

Vanquished Creatures
  Grinder (D:5)
  A hippogriff (D:6)
  The ghost of spooks32 the Cudgeler, an amateur OgFE (D:5)
  Menkaure (D:5)
  2 ice beasts
  A phantom (D:4)
  An ogre (D:5)
  2 centaurs (D:5)
  3 bullfrogs (D:6)
  A scorpion (D:6)
  A water moccasin skeleton (D:5)
  A centaur zombie (D:5)
  A bullfrog zombie (D:6)
  2 hounds
  An orc priest (D:3)
  A bullfrog skeleton (D:5)
  4 worker ants (D:5)
  3 gnolls
  4 adders
  2 shadow imps (D:6)
  2 worms
  3 dart slugs (D:1)
  10 orcs
  A ball python (D:4)
  A giant cockroach (D:4)
  6 goblins
  4 hobgoblins
  7 jackals
  4 quokkas
  2 bats (D:3)
  5 frilled lizards
  A jackal skeleton (D:4)
  4 kobolds
  7 rats
91 creatures vanquished.

Vanquished Creatures (collateral kills)
  The ghost of NNNN the Cudgeler, an amateur HOFi (D:3)
  Sigmund (D:4)
  A sky beast (D:6)
  An ice beast (D:5)
  A phantom (D:5)
  A necrophage (D:6)
  A bullfrog (D:3)
  2 hounds
  2 orc priests (D:3)
  Natasha (twice) (D:2)
  2 worker ants
  3 orc wizards
  4 gnolls
  3 adders
  A shadow imp (D:5)
  3 leopard geckos
  4 orcs
  A giant cockroach (D:3)
  4 goblins
  2 hobgoblins
  A jackal (D:4)
  A bat (D:1)
  A frilled lizard (D:3)
  3 kobolds (D:1)
  A rat (D:2)
47 creatures vanquished.

Vanquished Creatures (others)
  A worker ant (D:5)
  4 jackals (D:5)
5 creatures vanquished.

Grand Total: 143 creatures vanquished

Notes
Turn   | Place    | Note
-------+----------+-------------------------------------------
     0 | D:1      | sveltemanboy the Draconian Summoner began the quest for the Orb.
     0 | D:1      | Reached XP level 1. HP: 14/14 MP: 3/3
   382 | D:1      | Reached XP level 2. HP: 20/20 MP: 1/5
   632 | D:1      | Learned a level 2 spell: Call Imp
  1536 | D:2      | Reached skill level 5 in Summonings
  1536 | D:2      | Reached XP level 3. HP: 24/26 MP: 0/6
  1607 | D:2      | Noticed Natasha
  1619 | D:2      | Killed Natasha
  1740 | D:2      | Noticed Natasha
  1773 | D:2      | Killed Natasha
  1773 | D:2      | Reached XP level 4. HP: 11/33 MP: 3/7
  2334 | D:2      | Reached skill level 6 in Summonings
  2671 | D:2      | Reached skill level 1 in Polearms
  2903 | D:3      | Reached XP level 5. HP: 38/38 MP: 8/8
  2913 | D:3      | Learned a level 3 spell: Call Canine Familiar
  3086 | D:3      | Noticed NNNN's ghost (amateur HOFi)
  3105 | D:3      | Killed NNNN's ghost
  3105 | D:3      | Reached XP level 6. HP: 15/45 MP: 1/9
  3319 | D:3      | Found a shattered altar of Ashenzari.
  3578 | D:3      | Became a worshipper of Ashenzari the Shackled
  3761 | D:3      | Found a glowing golden altar of the Shining One.
  3761 | D:3      | Found a bloodstained altar of Trog.
  3850 | D:3      | Reached skill level 7 in Summonings
  4853 | D:4      | Your scales start taking on a pale cyan-grey colour.
  4853 | D:4      | Reached XP level 7. HP: 46/50 MP: 3/10
  4959 | D:4      | Reached * piety under Ashenzari
  5211 | D:5      | Entered Level 5 of the Dungeon
  5241 | D:5      | Noticed spooks32's ghost (amateur OgFE)
  5503 | D:5      | Noticed Sigmund
  5515 | D:4      | Killed Sigmund
  5604 | D:5      | Reached skill level 5 in Polearms
  5690 | D:5      | Reached skill level 8 in Summonings
  5742 | D:5      | Killed spooks32's ghost
  5842 | D:5      | Found a radiant altar of Vehumet.
  5993 | D:5      | Found a burning altar of Makhleb.
  6055 | D:5      | Reached XP level 8. HP: 55/57 MP: 5/11
  6157 | D:5      | Noticed Grinder
  6181 | D:5      | Killed Grinder
  6346 | D:5      | Reached skill level 9 in Summonings
  6619 | D:5      | Noticed Menkaure
  6631 | D:5      | Killed Menkaure
  7112 | D:5      | Found a shadowy altar of Dithmenos.
  7419 | D:6      | Reached XP level 9. HP: 54/62 MP: 12/12
  7475 | D:6      | Found an iron altar of Okawaru.
  7494 | D:6      | Gained mutation: You are robust. (+10% HP) [mutagenic meat]
  7495 | D:6      | Gained mutation: Your magical capacity is low. (-10% MP) [mutagenic meat]
  7496 | D:6      | Gained mutation: Your flesh is heat resistant. (rF+) [mutagenic meat]
  7658 | D:6      | Found a staircase to the Ecumenical Temple.
  7866 | D:6      | Reached skill level 10 in Summonings
  7959 | D:6      | Reached ** piety under Ashenzari
  7960 | D:6      | Found a shadowy altar of Dithmenos.
  7997 | D:6      | Noticed a white ugly thing
  8014 | D:6      | Mangled by a white ugly thing

Skill      XL: |  1  2  3  4  5  6  7  8  9 |
---------------+----------------------------+-----
Summonings     | 5 6 7 8 9 10 | 10.1
Polearms       | 1 2 4 5 7 8 |  8.1
Dodging        | |  1.7
Stealth        | |  1.7
Spellcasting   | |  2.0

Action                   |  1- 3 |  4- 6 |  7- 9 || total
-------------------------+-------+-------+-------++-------
Melee: Unarmed           |    53 |       |       ||    53
       Tailslap          |     7 |    13 |    15 ||    35
       Mace              |    21 |    18 |       ||    39
       Halberd           |       |   171 |   233 ||   404
 Cast: Summon Small Mamm |    39 |     9 |       ||    48
       Call Imp          |     7 |    26 |    32 ||    65
       Call Canine Famil |       |     5 |    19 ||    24
Invok: Curse Item        |       |     3 |       ||     3
Evoke: Wand              |       |       |     2 ||     2
  Use: Potion            |       |       |     2 ||     2
       Scroll            |       |       |     9 ||     9
 Stab: Sleeping          |     3 |     7 |     1 ||    11
       Distracted        |       |     1 |     4 ||     5
  Eat: Chunk             |     3 |    12 |    12 ||    27
       Fruit             |       |     1 |     2 ||     3
       Pizza             |       |       |     1 ||     1
       Meat ration       |       |       |     1 ||     1
Armor: Skin              |    13 |    64 |    53 ||   130
Dodge: Dodged            |    53 |   112 |   128 ||   293
